 Dungeon Crawl Stone Soup version 0.32-a0-711-g016ad743e0 (webtiles) character file.

Game seed: 16725194103823673083

19045 hikkokomori the Prestidigitator (level 12, -2/92 HPs)
             Began as a Coglin Gladiator on Mar 15, 2024.
             Was a High Priest of Okawaru.
             Slain by a snapping turtle (10 damage)
             ... on level 3 of the Lair of Beasts.
             The game lasted 00:35:09 (14008 turns).

hikkokomori the Prestidigitator (Coglin Gladiator) Turns: 14008, Time: 00:35:10

Health: -2/92      AC: 25    Str: 18    XL:     12   Next: 64%
Magic:  16/16      EV:  9    Int:  7    God:    Okawaru [*****.]
Gold:   1262       SH:  0    Dex: 18    Spells: 7/13 levels left

rFire   . . .        h - +2 broad axe (pain) {Yejun}
rCold   . . .        i - +2 dagger (venom) {Nkonkoni}
rNeg    . . .        J - +8 chain mail {rPois}
rPois   +            a - +2 helmet
rElec   .            q - +1 cloak
rCorr   .            (no gloves)
SInv    .            v - +0 pair of boots
Will    .....        (amulet unavailable) Stlth
                     (ring unavailable)
HPRegen 0.35/turn    (ring unavailable)
MPRegen 0.15/turn    (no gizmo)

%: no passive effects
@: revved
A: off-hand wielding, slow wielding, warmup strikes, no jewellery
a: Invent Gizmo, Renounce Religion, Heroism, Finesse, Duel


You were on level 3 of the Lair of Beasts.
You worshipped Okawaru.
Okawaru was extremely pleased with you.
You visited 2 branches of the dungeon, and saw 12 of its levels.
You also visited: Bailey.

You collected 2288 gold pieces.
You spent 1026 gold pieces at shops.

Inventory:

Hand Weapons
 h - a +2 broad axe of pain (weapon) {Yejun}
 i - a +2 dagger of venom (offhand) {Nkonkoni}
 F - a +4 hand axe
Missiles
 d - 9 throwing nets (quivered)
 e - a javelin
 x - 2 curare-tipped darts
 M - 3 atropa-tipped darts
Armour
 a - a +2 helmet (worn)
 b - a +0 leather armour
 j - +0 acid dragon scales
 o - a +0 helmet
 q - a +1 cloak (worn)
 v - a +0 pair of boots (worn)
 J - a +8 chain mail of poison resistance (worn)
Wands
 g - a wand of mindburst (6)
 s - a wand of roots (5)
 t - a wand of flame (18)
Scrolls
 f - 2 scrolls of enchant weapon {unknown}
 k - 2 scrolls of fog
 l - 3 scrolls of noise
 m - 3 scrolls of fear
 n - 2 scrolls of vulnerability {unknown}
 y - 3 scrolls of teleportation
 G - 2 scrolls of immolation
 H - a scroll of poison
 I - a scroll of silence
 K - a scroll of brand weapon {unknown}
 L - a scroll of revelation
Potions
 c - 3 potions of lignification
 r - 2 potions of ambrosia
 u - a potion of attraction
 w - a potion of invisibility
 z - 7 potions of curing
 A - 3 potions of resistance
 B - a potion of haste
 C - a potion of mutation
 D - 2 potions of brilliance
 E - 2 potions of enlightenment


   Skills:
 - Level 8.0 Fighting
 - Level 6.6(7.0) Short Blades
 - Level 3.3(5.7) Long Blades
 + Level 9.6 Axes
 - Level 4.0 Throwing
 - Level 7.0 Armour
 - Level 4.0 Dodging
 + Level 1.0 Spellcasting
 - Level 3.0 Necromancy
 + Level 6.5 Invocations
 - Level 10.0 Evocations


You had 7 spell levels left.
You knew the following spells:

 Your Spells              Type           Power      Damage    Failure   Level
a - Cigotuvi's Dreadful   Necr/Alch/Air  2%         N/A       97%         2
b - Dispel Undead         Necr           4%         3d7       100%        4

Your spell library contained the following spells:

 Spells                   Type           Power      Damage    Failure   Level
 Magic Dart               Conj           0%         1d3       97%         1
 Shock                    Conj/Air       0%         1d3       97%         1
 Blink                    Tloc           0%         N/A       99%         2
 Lesser Beckoning         Tloc           0%         N/A       99%         2
 Gell's Gravitas          Tloc           0%         N/A       100%        3
 Swiftness                Air            0%         N/A       100%        3
 Teleport Other           Tloc           0%         N/A       100%        3
 Airstrike                Air            0%         2d(0-16)  100%        4
 Dimensional Bullseye     Hex/Tloc       0%         N/A       100%        4
 Iskenderun's Mystic Bla  Conj/Tloc      0%         2d3       100%        4
 Call Imp                 Summ           Unusable   N/A       N/A         2
 Tukima's Dance           Hex            Unusable   N/A       N/A         3
 Martyr's Knell           Necr/Summ      Unusable   N/A       N/A         4

Dungeon Overview and Level Annotations

Branches:
Dungeon (9/15)             Temple (0/1) D:5            Lair (3/5) D:8
 Shoals (0/4) Lair:3       Spider (0/4) Lair:2          Orc (0/2) D:9
 Bailey (visited)

Altars:
Cheibriados
Elyvilon
Hepliaklqana
Okawaru
Vehumet
Wu Jian
Xom
Zin

Shops:
D:1 ?   D:2 [   D:4 *

Annotations:
D:5 3 runed translucent doors, TrayleKats's ghost, amateur CoGl; smashvw's ghost, amateur VSFi; souperman1983's ghost, amateur DENe


Innate Abilities, Weirdness & Mutations

You can wield a second weapon in your off-hand.
It takes a long time for you to wield or remove held weapons.
Your first few attacks do less damage.
You cannot equip rings or amulets.


Message History

The snapping turtle looks as sick as possible!
Your lungs strain for air!
The snapping turtle bites you but does no damage.
The water elemental barely misses you.
You slash the snapping turtle with your +2 broad axe of pain!
The snapping turtle is moderately wounded.
You hit the water elemental but do no damage.
You hit the snapping turtle but do no damage.
The snapping turtle looks as sick as possible!
* * * LOW HITPOINT WARNING * * *
Your lungs strain for air!
Aiming: Fastroot
Press: ? - help, Shift-Dir - straight line
Okay, then.
Aiming: Mindburst
Press: ? - help, Shift-Dir - straight line, f - snapping turtle
Aim: a snapping turtle (heavily wounded, extremely poisoned, chance to affect: 80%)
The snapping turtle barely resists.
* * * LOW HITPOINT WARNING * * *
Your lungs strain for air!
The water elemental hits you.
* * * LOW HITPOINT WARNING * * *
The snapping turtle closely misses you.
Okay, then.
Okay, then.
The water engulfing you falls away.
You gasp with relief as air once again reaches your lungs.
The snapping turtle bites you from afar.
* * * LOW HITPOINT WARNING * * *
There is an open door here.
Aiming: Fastroot
Press: ? - help, Shift-Dir - straight line, p - snapping turtle The roots erupt in riotous growth!
Roots grab the water elemental.
Roots grab the snapping turtle.
The grasping roots constrict the water elemental.
You destroy the water elemental!
Okawaru accepts your kill.
The grasping roots constrict the snapping turtle!
The snapping turtle bites you from afar!
You die...

#....####... #######....#.....
##########~#~##...........
#..##..~#~~~~~~~.......... ..
#.#.....~~~≈≈≈≈≈~~~....P... ..# #
##....~~≈#####≈~~~..###.. ...#
###.#.~~≈##...##≈~....###.
#...####.#..#.~~#.....#~~P.#.##..
#..[..#....#...@.t>..#≈~..#####.
##....#......#~≈#.....#≈~..#.##..
#..P.....#####~≈##...##~~........
###.....## #~~≈#####~~~#.......
.......## #~~~≈≈≈≈≈~~##.......
.......## ###~~~~~~~~~........
........# ##.~~#~#####......
.......## #...P### ##.......
.......### #####..#####...†....


You could see a snapping turtle (extremely poisoned, rooted).

Vanquished Creatures
  3 death yaks (Lair:3)
  Pikel (D:4)
  6 cane toads
  Maggie (D:6)
  2 rime drakes
  6 komodo dragons
  Psyche (D:8)
  A troll (D:9)
  A hornet (D:9)
  8 blink frogs
  A water elemental (Lair:3)
  A jumping spider (Lair:2)
  18 yaks
  A basilisk (Lair:2)
  A wyvern (Lair:3)
  2 redbacks (Lair:2)
  4 steam dragons
  10 water moccasins
  3 acid dragons (D:9)
  7 orc warriors
  An ice beast (D:5)
  A black bear (D:5)
  4 ogres
  5 wolves (Bailey)
  3 centaurs (D:8)
  A phantom (D:5)
  3 lemures (D:4)
  2 kobold brigands
  6 bullfrogs
  11 gnoll sergeants
  A scorpion (D:6)
  Blork the orc (D:4)
  13 wights
  2 howler monkeys
  A bombardier beetle (D:3)
  8 hounds
  2 jellies
  4 gnoll boudas (Bailey)
  6 orc priests
  12 orc wizards
  3 sleepcaps (D:5)
  Terence (D:3)
  2 iguanas (D:5)
  Ijyb (D:3)
  Robin (D:3)
  28 gnolls
  6 adders
  A shadow imp (D:7)
  4 white imps
  3 ribbon worms
  4 dart slugs
  57 orcs
  3 ball pythons
  6 endoplasms
  3 giant cockroaches
  9 hobgoblins
  4 quokkas
  A bat (D:1)
  9 frilled lizards
  16 goblins
  18 kobolds
  2 rats (D:1)
347 creatures vanquished.

Vanquished Creatures (others)
  A kobold (D:7)
1 creature vanquished.

Grand Total: 348 creatures vanquished

Notes
Turn   | Place    | Note
-------+----------+-------------------------------------------
     0 | D:1      | hikkokomori the Coglin Gladiator began the quest for the
                  | Orb.
     0 | D:1      | Reached XP level 1. HP: 16/16 MP: 1/1
    79 | D:1      | Reached XP level 2. HP: 18/22 MP: 2/2
   262 | D:1      | Found The Oracle's Delphic Readings.
   353 | D:1      | Reached XP level 3. HP: 26/28 MP: 3/3
   766 | D:2      | Reached skill level 1 in Short Blades
   766 | D:2      | Reached XP level 4. HP: 10/34 MP: 4/4
  1301 | D:2      | Found Okoo's Antique Armour Boutique.
  1515 | D:3      | Noticed Robin
  1521 | D:3      | Reached XP level 5. HP: 41/41 MP: 5/5
  1537 | D:3      | Killed Robin
  1714 | D:3      | Noticed Ijyb
  1722 | D:3      | Killed Ijyb
  1780 | D:3      | Noticed Terence
  1788 | D:3      | Killed Terence
  1858 | D:3      | Reached skill level 1 in Evocations
  1858 | D:3      | Reached XP level 6. HP: 6/48 MP: 6/6
  2273 | D:4      | Found a shimmering altar of Xom.
  2274 | D:4      | Found an iron altar of Okawaru.
  2292 | D:4      | Found a hazy altar of Hepliaklqana.
  2308 | D:4      | Found a snail-covered altar of Cheibriados.
  2315 | D:4      | You fall into a shaft and drop 3 floors!
  2434 | D:6      | Reached skill level 2 in Evocations
  2435 | D:6      | Noticed a steam dragon
  2440 | D:6      | Noticed Maggie
  2448 | D:7      | Killed a steam dragon
  2449 | D:7      | Reached skill level 3 in Evocations
  2449 | D:7      | Reached XP level 7. HP: 15/55 MP: 7/7
  2656 | D:7      | Noticed a steam dragon
  2676 | D:7      | Reached skill level 5 in Fighting
  2751 | D:6      | Killed Maggie
  2752 | D:6      | Reached skill level 4 in Evocations
  2777 | D:6      | Reached XP level 8. HP: 27/64 MP: 8/8
  2779 | D:6      | Reached skill level 5 in Evocations
  2956 | D:6      | Found a white marble altar of Elyvilon.
  3056 | D:5      | Entered Level 5 of the Dungeon
  3164 | D:5      | Reached skill level 5 in Short Blades
  3164 | D:5      | Reached skill level 6 in Evocations
  3475 | D:4      | Became a worshipper of Warmaster Okawaru
  3482 | D:4      | Noticed Pikel
  3533 | D:4      | Killed Pikel
  3534 | D:4      | Reached skill level 7 in Evocations
  3534 | D:4      | Reached XP level 9. HP: 27/72 MP: 9/9
  3753 | D:4      | Found Kotaun's Mayhem Merchandise.
  3846 | D:4      | Found a radiant altar of Vehumet.
  3963 | D:4      | Noticed Blork the orc
  3978 | D:4      | Killed Blork the orc
  4153 | D:5      | Found a runed translucent gate.
  4154 | D:5      | Found a runed translucent gate.
  4154 | D:5      | Found a runed translucent gate.
  4154 | D:5      | Noticed souperman1983's ghost (amateur DENe)
  4154 | D:5      | Noticed TrayleKats's ghost (amateur CoGl)
  4154 | D:5      | Noticed smashvw's ghost (amateur VSFi)
  4164 | D:5      | Found a staircase to the Ecumenical Temple.
  4328 | D:5      | Identified a scroll of acquirement
  4331 | D:5      | Reached skill level 1 in Axes
  4331 | D:5      | Reached * piety under Okawaru
  4740 | D:5      | Reached skill level 8 in Evocations
  5142 | D:5      | Found Wiprigapt's Magic Scroll Shoppe.
  5156 | D:5      | Bought a scroll of identify for 30 gold pieces
  5156 | D:5      | Bought a scroll of noise for 15 gold pieces
  5156 | D:5      | Bought a scroll of identify for 30 gold pieces
  5156 | D:5      | Bought a scroll of identify for 30 gold pieces
  5156 | D:5      | Bought a scroll of identify for 30 gold pieces
  5160 | D:5      | Acquired 813 gold pieces
  5647 | D:6      | Reached ** piety under Okawaru
  5717 | D:6      | Found a glowing silver altar of Zin.
  6030 | D:6      | Reached skill level 9 in Evocations
  6186 | D:5      | Bought 3 scrolls of enchant armour for 337 gold pieces
  6186 | D:5      | Bought a scroll of enchant armour for 112 gold pieces
  6186 | D:5      | Bought a scroll of immolation for 60 gold pieces
  6186 | D:5      | Bought a scroll of poison for 60 gold pieces
  6189 | D:5      | Bought a scroll of silence for 142 gold pieces
  6262 | D:2      | Bought a glowing chain mail for 180 gold pieces
  6392 | D:6      | Reached XP level 10. HP: 78/80 MP: 10/10
  6438 | D:7      | Reached skill level 1 in Armour
  6639 | D:7      | Found an ornate altar of the Wu Jian Council.
  7032 | D:8      | Found a flagged portal.
  7062 | Bailey   | Entered a bailey
  7070 | Bailey   | Reached skill level 1 in Invocations
  7613 | Bailey   | Learned a level 2 spell: Cigotuvi's Dreadful Rot
  7618 | Bailey   | Learned a level 4 spell: Dispel Undead
  7623 | Bailey   | Reached *** piety under Okawaru
  7630 | Bailey   | Reached skill level 5 in Axes
  7630 | Bailey   | Reached skill level 1 in Necromancy
  7630 | Bailey   | Reached skill level 10 in Evocations
  8154 | D:8      | Identified the ring of Oplonuu {Will+ Int+6}
  8798 | D:8      | Found a staircase to the Lair.
  8906 | D:8      | Noticed Psyche
  8910 | D:8      | Killed Psyche
  8910 | D:8      | Reached **** piety under Okawaru
  9351 | D:9      | Reached XP level 11. HP: 73/86 MP: 12/12
 10110 | D:9      | Found a staircase to the Orcish Mines.
 10127 | D:9      | Reached skill level 5 in Armour
 10566 | D:8      | Reached ***** piety under Okawaru
 10742 | Lair:1   | Entered Level 1 of the Lair of Beasts
 11209 | Lair:1   | Received a gift from Okawaru
 11341 | Lair:1   | Reached skill level 5 in Invocations
 11981 | Lair:2   | Reached XP level 12. HP: 86/92 MP: 15/15
 12045 | Lair:2   | Found a hole to the Spider Nest.
 12428 | Lair:2   | Received a gift from Okawaru
 13010 | Lair:2   | Identified the +0 leather armour of Filth {-Cast +Blink
                  | rPois Will++}
 13299 | Lair:3   | Noticed a death yak
 13299 | Lair:3   | Noticed a death yak
 13300 | Lair:3   | Noticed a death yak
 13306 | Lair:3   | Killed a death yak
 13320 | Lair:3   | Killed a death yak
 13322 | Lair:3   | Killed a death yak
 13804 | Lair:3   | Reached skill level 1 in Spellcasting
 13996 | Lair:3   | Found a staircase to the Shoals.
 14008 | Lair:3   | Slain by a snapping turtle

Illustrated notes

Levels and vault maps discovered:
D:1:      spicycebolla_green_bress_n_ham, layout_rooms,
          nicolae_nh_oracle_at_delphi
D:2:      layout_basic, serial_shops, nicolae_shop_gibbet_a_chance,
          moated_statue
D:3:      layout_rooms, st_stairs_2, uniq_terence, uniq_robin, uniq_ijyb
D:4:      layout_basic, old_standard_altar,
          nicolae_overflow_macrodata_refinement, minmay_shop_mayhem, uniq_pikel,
          uniq_blork_the_orc
D:5:      minmay_recursive_quarters, layout_gridville,
          minmay_temple_entry_water_ring, serial_shops, shop,
          gammafunk_ghost_cemetery
D:6:      kennysheep_steamy, layout_basic, mainiacjoe_overflow_small_starburst,
          overflow_temple_1_default, uniq_maggie
D:7:      layout_basic, mainiacjoe_overflow_cross_hatched
D:8:      layout_loops_corners, david_lair_shrubbed,
          lightli_bailey_entry_fortress, uniq_psyche
D:9:      layout_rooms, kennysheep_orc_monster_closet_entryway, special_room
          [special_room_orc]
Lair:1:   layout_regular_city, nicolae_quartered_pool_little
Lair:2:   layout_gridlike, spider_nest_entry_a
Lair:3:   layout_layer_cave, minmay_shoals_entry_hut

Skill      XL: |  1  2  3  4  5  6  7  8  9 10 11 12 |
---------------+-------------------------------------+-----
Throwing       | 2 4 |  4.0
Dodging        | 3 4 |  4.0
Short Blades   | 1 2 3 4 5 6 |  6.6
Fighting       | 3 4 5 7 8 |  8.0
Evocations     | 1 3 4 7 9 10 | 10.0
Axes           | 3 6 8 9 |  9.6
Armour         | 4 6 7 |  7.0
Invocations    | 2 5 6 |  6.5
Necromancy     | 3 |  3.0
Spellcasting   | 1 |  1.0
Long Blades    | |  3.3

Action                     |  1- 3 |  4- 6 |  7- 9 | 10-12 || total
---------------------------+-------+-------+-------+-------++-------
  Melee: Long sword        |    51 |       |       |       ||    51
         Dagger            |    62 |    94 |   224 |   507 ||   887
         Rapier            |    16 |   105 |   199 |       ||   320
         Broad axe         |       |       |    33 |   550 ||   583
  Throw: Throwing net      |       |     1 |       |       ||     1
         Dart              |       |       |     2 |       ||     2
 Invoke: Heroism           |       |       |       |     7 ||     7
  Evoke: Wand              |       |     6 |     7 |    19 ||    32
    Use: Potion            |       |     1 |     1 |       ||     2
         Scroll            |       |     1 |    18 |     4 ||    23
   Stab: Sleeping          |       |     1 |     1 |       ||     2
 Armour: Leather armour    |    42 |    62 |    15 |       ||   119
         Steam dragon scal |       |       |   132 |       ||   132
         Chain mail        |       |       |     5 |   546 ||   551
  Dodge: Dodged            |    69 |    71 |   111 |   312 ||   563

Table legend: (Time is in decaauts)
 A = Elapsed time spent in this place.
 B = Non-inter-level travel time spent in this place.
 C = Inter-level travel time spent in this place.
 D = Time resting spent in this place.
 E = Time spent auto-exploring this place.
 F = Levels seen in this place.
 G = Mean time per level.
                   A        B        C        D        E       F      G
               +--------+--------+--------+--------+--------+-----+--------+
         Total |  13986 |  13338 |    648 |   1828 |   8858 |  13 | 1075.8 |
       Dungeon |   9851 |   9241 |    610 |   1498 |   5738 |   9 | 1094.6 |
          Lair |   3257 |   3220 |     37 |      0 |   2812 |   3 | 1085.7 |
        Bailey |    877 |    877 |      0 |    330 |    308 |   1 |  877.0 |
               +--------+--------+--------+--------+--------+-----+--------+

Top non-repeatable levels by time:
     D:8: 1924 daAuts
     D:5: 1491 daAuts
  Lair:2: 1174 daAuts
     D:6: 1172 daAuts
  Lair:1: 1147 daAuts
     D:7: 1035 daAuts
     D:4: 963 daAuts
  Lair:3: 935 daAuts
     D:9: 934 daAuts
  Bailey: 877 daAuts
     D:1: 831 daAuts
     D:3: 772 daAuts
     D:2: 726 daAuts
